 Dungeon Crawl Stone Soup version 0.29-a0-901-g46a8461d6a (webtiles) character file.

Game seed: 12384164956041274006

133 HoaS the Shooter (level 5, -2/30 HPs)
             Began as a Gargoyle Hunter on July 23, 2022.
             Slain by an ice beast (14 damage)
             ... on level 3 of the Dungeon.
             The game lasted 00:03:59 (1669 turns).

HoaS the Shooter (Gargoyle Hunter)                  Turns: 1669, Time: 00:04:00

Health: -2/30      AC:  7    Str: 21    XL:     5   Next: 16%
Magic:  5/5        EV: 12    Int:  9    God:
Gold:   151        SH:  0    Dex: 15    Spells: 4/4 levels left

rFire   . . .      SeeInvis .   a - +0 shortbow
rCold   . . .      Faith    .   (shield currently unavailable)
rNeg    + . .      Spirit   .   c - +0 leather armour
rPois   ∞          Reflect  .   (no helmet)
rElec   +          Harm     .   (no cloak)
rCorr   .          Rampage  .   (no gloves)
Will    .....                   (no boots)
Stlth   ++........              k - amulet of regeneration
HPRegen 0.90/turn               l - +6 ring of strength
MPRegen 0.09/turn               (no ring)

@: no status effects
A: sickness immunity, AC +4, negative energy resistance 1, electricity
resistance, torment resistance 1, petrification resistance
a: no special abilities


You were on level 3 of the Dungeon.
You visited 1 branch of the dungeon, and saw 3 of its levels.

You collected 151 gold pieces.

Inventory:

Hand Weapons
 a - a +0 shortbow (weapon)
Armour
 c - a +0 leather armour (worn)
 e - a +0 ring mail
Jewellery
 k - an amulet of regeneration (around neck)
 l - a +6 ring of strength (left hand)
Scrolls
 b - a scroll of immolation
 d - a scroll of silence
 h - a scroll of magic mapping
 i - a scroll of identify
Potions
 f - a potion of curing
 g - 2 potions of berserk rage
 o - a potion of flight {unknown}
 p - a potion of ambrosia {unknown}
 q - a potion of might {unknown}


   Skills:
 - Level 2.1 Fighting
 + Level 6.3 Ranged Weapons
 - Level 1.5 Dodging
 - Level 1.1 Stealth


You had 4 spell levels left.
You didn't know any spells.
Your spell library contained the following spells:

 Spells                   Type           Power      Damage    Failure   Level
 Beastly Appendage        Tmut           0%         N/A       43%         1
 Magic Dart               Conj           0%         1d3       43%         1
 Call Imp                 Summ           0%         N/A       56%         2
 Wereblood                Tmut           0%         N/A       56%         2
 Mephitic Cloud           Conj/Pois/Air  0%         N/A       80%         3
 Spider Form              Tmut/Pois      0%         N/A       80%         3


Dungeon Overview and Level Annotations

Branches:
Dungeon (3/15)

Altars:

Shops:
D:2 =

Annotations:
D:2 1 runed translucent door, Crazy Yiuf
D:3 Grinder


Innate Abilities, Weirdness & Mutations

You are immune to sickness and miasma.
Your stone body is resilient. (AC +4)
You are immune to poison.
You resist negative energy. (rN+)
You are resistant to electric shocks. (rElec)
You are resistant to unholy torment.
You are immune to petrification.


Message History

Aim: an ice beast (moderately wounded, 63% to hit)
You shoot an arrow.
The arrow hits the ice beast but does no damage.
The ice beast is moderately wounded.
The ice beast completely misses you.
The ice beast hits you but does no damage.
Fire: a) +0 shortbow
Press: ? - help, Q - select action Shift-Dir - straight line, f/p - ice beast
Aim: an ice beast (moderately wounded, 63% to hit)
You shoot an arrow. The arrow closely misses the ice beast.
The ice beast closely misses you.
Fire: a) +0 shortbow
Press: ? - help, Q - select action Shift-Dir - straight line, f/p - ice beast
Aim: an ice beast (moderately wounded, 63% to hit)
You shoot an arrow.
The arrow hits the ice beast but does no damage.
The ice beast is moderately wounded.
The ice beast hits you but does no damage.
Fire: a) +0 shortbow
Press: ? - help, Q - select action Shift-Dir - straight line, f/p - ice beast
Aim: an ice beast (moderately wounded, 63% to hit)
You shoot an arrow.
The arrow hits the ice beast but does no damage.
The ice beast is moderately wounded.
The ice beast hits you but does no damage.
Fire: a) +0 shortbow
Press: ? - help, Q - select action Shift-Dir - straight line, f/p - ice beast
Aim: an ice beast (moderately wounded, 63% to hit)
You shoot an arrow. The arrow hits the ice beast.
The ice beast is heavily wounded.
The ice beast hits you but does no damage.
Fire: a) +0 shortbow
Press: ? - help, Q - select action Shift-Dir - straight line, f/p - ice beast
Aim: an ice beast (heavily wounded, 63% to hit)
You shoot an arrow.
The arrow hits the ice beast but does no damage.
The ice beast is heavily wounded.
The ice beast closely misses you. The ice beast hits you.
The ice beast freezes you!
You die...

#=.<.........*,,,,,,,,,,,,,,,,,,,
###..........,..,..,,,,,,,,,,,***
####.........*#.,..,**,.,****,**
.....#.##..##*#.>.##*,..,****,,**
.....≈≈≈≈≈..,,,.#..#*...,,,,**,,,
....≈≈≈≈≈≈≈≈,,,....#....,,,,,****
##≈≈≈≈≈≈≈≈######........,,,,,,***
.######≈###....#.Y.......,,,,,,,,
.))...###......#@#*,,....,,,,,,,,
#.....)....#####.#*,.....,,,,,,,,
######...###.###.###.....,,,**,,,
≈≈* ###### #...........#******,,,
##* #.# #####.#......**** *,,,
#.# ###.#.#....,,,***,,,
#.########.....#,##.,,,,,,,,,
#####.......#..#.###.####,,,,,,,,
.....######..............,,<,*,,,


You could see an ice beast.

Vanquished Creatures
  A kobold brigand (D:3)
  2 adders (D:2)
  An ufetubus (D:2)
  4 bats
  5 endoplasms
  A giant cockroach (D:2)
  2 goblins
  7 hobgoblins
  4 ball pythons
  A frilled lizard (D:2)
  11 kobolds
  3 rats
42 creatures vanquished.

Notes
Turn   | Place    | Note
-------+----------+-------------------------------------------
     0 | D:1      | HoaS the Gargoyle Hunter began the quest for the Orb.
     0 | D:1      | Reached XP level 1. HP: 12/12 MP: 1/1
   159 | D:1      | Reached XP level 2. HP: 17/17 MP: 2/2
   481 | D:1      | Found a faded altar of an unknown god.
   689 | D:2      | Found Huokh's Jewellery Shop.
   704 | D:2      | Reached skill level 5 in Ranged Weapons
   704 | D:2      | Reached XP level 3. HP: 17/21 MP: 3/3
  1368 | D:2      | Found a runed translucent door.
  1369 | D:2      | Noticed Crazy Yiuf
  1418 | D:3      | Noticed Grinder
  1490 | D:3      | Reached XP level 4. HP: 26/26 MP: 4/4
  1559 | D:3      | Noticed a kobold brigand
  1565 | D:3      | Killed a kobold brigand
  1566 | D:3      | Reached skill level 6 in Ranged Weapons
  1566 | D:3      | Reached XP level 5. HP: 30/30 MP: 5/5
  1647 | D:3      | Noticed an ice beast
  1669 | D:3      | Slain by an ice beast

Illustrated notes

Levels and vault maps discovered:
D:1:      grunt_arrival_lava_bath, layout_loops_ring,
          shapermc_ecumenical_altar_hornbeckon
D:2:      layout_basic, serial_shops, nicolae_shop_stone,
          uniq_crazy_yiuf_cottage
D:3:      cheibrodos_thug_alley, layout_rooms, mainiacjoe_overflow_brackets,
          uniq_ijyb, uniq_sigmund, uniq_grinder, uniq_pargi

Skill      XL: |  1  2  3  4 |
---------------+-------------+-----
Ranged Weapons | 5 6 |  6.3
Fighting       | |  2.1
Dodging        | |  1.5
Stealth        | |  1.1

Action                   |  1- 3 |  4- 6 || total
-------------------------+-------+-------++-------
 Fire: Shortbow          |    66 |    41 ||   107
  Use: Scroll            |     1 |     6 ||     7
Armor: Leather armour    |    11 |    10 ||    21
Dodge: Dodged            |    22 |    12 ||    34

Table legend: (Time is in decaauts)
 A = Elapsed time spent in this place.
 B = Non-inter-level travel time spent in this place.
 C = Inter-level travel time spent in this place.
 D = Time resting spent in this place.
 E = Time spent auto-exploring this place.
 F = Levels seen in this place.
 G = Mean time per level.
                   A        B        C        D        E       F      G
               +--------+--------+--------+--------+--------+-----+--------+
         Total |   1705 |   1626 |     79 |     57 |   1333 |   3 |  568.3 |
       Dungeon |   1705 |   1626 |     79 |     57 |   1333 |   3 |  568.3 |
               +--------+--------+--------+--------+--------+-----+--------+

Top non-repeatable levels by time:
     D:2: 769 daAuts
     D:1: 702 daAuts
     D:3: 233 daAuts
